 Dungeon Crawl Stone Soup version 0.30-a0-924-g0ad0bf95bc (webtiles) character file.

Game seed: 3943927701564916788

687 BlueFish the Sneak (level 7, 0/46 HPs)
             Began as an Octopode Warper on Mar 22, 2023.
             Succumbed to an adder's poison
             ... in a sewer.
             The game lasted 00:09:15 (3413 turns).

BlueFish the Sneak (Octopode Warper)                Turns: 3413, Time: 00:09:16

Health: 0/46       AC:  3    Str:  9    XL:     7   Next: 62%
Magic:  8/11       EV: 14    Int: 15    God:
Gold:   157        SH:  0    Dex: 13    Spells: 3/12 levels left

rFire   . . .      SeeInvis .    o - +4 dagger "Giantbane" {spect, rPois Str-4 Dex+2}
rCold   . . .      Faith    .    (no shield)
rNeg    . . .      Spirit   .    (helmet restricted)
rPois   +          Reflect  .    (no amulet)
rElec   .          Rampage  .    a - ring of wizardry
rCorr   .                        (no ring)
Will    .....                    (no ring)
Stlth   +++++                    (no ring)
HPRegen 0.27/turn                (no ring)
MPRegen 0.12/turn                (no ring)
                                 (no ring)
                                 (no ring)

@: lethally poisoned (0 -> -1)
A: almost no armour, amphibious, 8 rings, camouflage 1, gelatinous body 1,
nimble swimmer 1, tentacles, tentacle spike 1, iridescent scales 1
a: no special abilities


You were in a sewer.
You visited 1 branch of the dungeon, and saw 5 of its levels.
You also visited: Sewer.

You collected 157 gold pieces.

Inventory:

Hand Weapons
 o - the +4 dagger "Giantbane" (weapon) {spect, rPois Str-4 Dex+2}
   (You found it on level 2 of the Dungeon)

   Str:       It affects your strength (-4).
   Dex:       It affects your dexterity (+2).
   rPois:     It protects you from poison.
Missiles
 b - 7 boomerangs of dispersal
 g - 35 stones (quivered)
 y - a poisoned dart
Jewellery
 a - a ring of wizardry (left tentacle)
Scrolls
 c - a scroll of poison {unknown}
 d - a scroll of magic mapping {unknown}
 f - a scroll of teleportation {unknown}
 j - a scroll of acquirement {unknown}
 k - a scroll of fear
 l - a scroll of enchant weapon {unknown}
 m - 2 scrolls of noise
 n - 2 scrolls of vulnerability {unknown}
 q - a scroll of torment {unknown}
 s - a scroll of amnesia {unknown}
 u - a scroll of enchant armour {unknown}
 z - 2 scrolls of blinking
 A - a scroll of fog {unknown}
 B - a scroll of brand weapon {unknown}
Potions
 e - a potion of degeneration {unknown}
 h - 2 potions of might
 i - 2 potions of resistance
 p - a potion of lignification
 r - a potion of heal wounds {unknown}
 t - a potion of ambrosia {unknown}
 v - a potion of curing {unknown}
 w - 2 potions of mutation
 x - a potion of flight {unknown}


   Skills:
 + Level 3.3 Fighting
 + Level 2.9 Throwing
 + Level 3.5 Dodging
 * Level 5.7 Stealth
 + Level 3.4 Unarmed Combat
 + Level 3.2 Spellcasting
 + Level 4.1 Translocations


You had 3 spell levels left.
You knew the following spells:

 Your Spells              Type           Power      Damage    Failure   Level
a - Blink                 Tloc           28%        N/A       2%          2
b - Lesser Beckoning      Tloc           28%        N/A       2%          2
c - Teleport Other        Tloc           14%        N/A       4%          3
d - Momentum Strike       Conj/Tloc      16%        3d8       5%          2

Your spell library contained the following spells:

 Spells                   Type           Power      Damage    Failure   Level
 Vhi's Electric Charge    Tloc/Air       16%        N/A       11%         3
 Cigotuvi's Dreadful Rot  Necr/Pois/Air  4%         N/A       12%         2
 Poisonous Vapours        Pois/Air       4%         N/A       12%         2
 Mephitic Cloud           Conj/Pois/Air  2%         N/A       24%         3
 Stone Arrow              Conj/Erth      4%         3d7       24%         3
 Manifold Assault         Tloc           14%        N/A       14%         4
 Lehudib's Crystal Spear  Conj/Erth      1%         10d2      100%        8
 Animate Armour           Summ/Erth      Unusable   N/A       N/A         4

Dungeon Overview and Level Annotations

Branches:
Dungeon (5/15)              Sewer (1/1)
 Temple: D:4-7

Altars:

Shops:
D:1 ([(


Innate Abilities, Weirdness & Mutations

You cannot wear most types of armour.
You are amphibious.
You can wear up to eight rings at the same time.
Your skin changes colour to match your surroundings (Stealth+).
Your rubbery body absorbs attacks. (AC +1, EV +1)
You are camouflaged when in or above water. (Stealth+)
You have tentacles for arms and can constrict up to eight enemies at once.
One of your tentacles bears a spike.
You are partially covered in iridescent scales. (AC +2)


Message History

The bullfrog is heavily wounded.
Your +4 dagger "Giantbane" {spect, rPois Str-4 Dex+2} hits the bullfrog.
You constrict the bullfrog.
You feel very sick.
The ball python bites you but does no damage.
The ball python constricts you.
* * * LOW HITPOINT WARNING * * *
The adder misses you. The bullfrog closely misses you.
Okay, then.
Casting: Blink (safe; 2% risk of failure)
Confirm with . or Enter, or press ? or * to list all spells.
You escape the ball python's grasp.
You blink.
You lose your grip on the bullfrog.
Floosh!
You feel sick.
You hit the bullfrog.
You kill the bullfrog!
You feel sick.
You miss the adder. Your grab misses the adder.
The adder is heavily wounded.
Your +4 dagger "Giantbane" {spect, rPois Str-4 Dex+2} completely misses the adder.
You feel sick. The adder closely misses you.
The ball python barely misses you. x2
The adder misses you.
You hit the adder. Your grab misses the adder.
The adder is severely wounded.
Your +4 dagger "Giantbane" {spect, rPois Str-4 Dex+2} misses the adder.
You feel stable enough to blink again.
You feel sick. The ball python barely misses you.
The ball python closely misses you. The adder misses you.
You miss the adder. Your grab misses the adder.
The adder is severely wounded.
Your +4 dagger "Giantbane" {spect, rPois Str-4 Dex+2} hits the adder.
You feel sick. The ball python barely misses you. The ball python misses you.
The adder bites you.
* * * LOW HITPOINT WARNING * * *
The ball python barely misses you. The ball python misses you.
It was a potion of mutation.
You feel extremely strange.
Iridescent scales grow over part of your body.
One of your lower tentacles grows a sharp spike.
You die...

#####
######
##....
##....##
##.....
#......+
#......
#......#
##......
#......#
#......#
##~~~..#
##..~.##
#≈~~≈~≈#
#~~≈~~~#
#≈≈≈@~≈#
#~~~≈≈≈#
#≈~§SS≈#
#≈~~~≈≈#
#≈~~~≈≈#
#~≈~≈~≈#
#≈≈~≈≈†#
#≈≈~~~~#
#≈~≈≈≈≈#
#≈≈~~~~#
#≈.≈≈≈≈#
#≈≈~≈~~#
#~.≈≈≈≈#
##~~.~≈#
#≈~#~≈≈#
#≈~[.~.#
#~#~≈≈≈#
##.~..##


You could see an adder and a ball python.

Vanquished Creatures
  A black bear (D:5)
  An ogre (D:4)
  2 bullfrogs (Sewer)
  2 hounds (D:4)
  2 iguanas (D:4)
  An orc wizard (D:3)
  6 gnolls
  7 adders
  A river rat (Sewer)
  An ufetubus (D:4)
  A worm (D:3)
  A dart slug (D:4)
  3 orcs (D:3)
  11 endoplasms
  4 giant cockroaches
  7 goblins
  3 hobgoblins
  7 jackals
  A quokka (D:1)
  14 ball pythons
  4 bats
  2 frilled lizards (D:2)
  8 kobolds
  22 rats
112 creatures vanquished.

Notes
Turn   | Place    | Note
-------+----------+-------------------------------------------
     0 | D:1      | BlueFish the Octopode Warper began the quest for the Orb.
     0 | D:1      | Reached XP level 1. HP: 14/14 MP: 3/3
   135 | D:1      | Reached skill level 1 in Stealth
   141 | D:1      | Reached XP level 2. HP: 10/19 MP: 5/5
   269 | D:1      | Found Decvumah's Armour Shop.
   327 | D:1      | Found a faded altar of an unknown god.
   386 | D:1      | Found Unwethru's Antique Weapon Shoppe.
   477 | D:1      | Found Tafeff's Weapon Shop.
   945 | D:2      | Learned a level 2 spell: Blink
   948 | D:2      | Learned a level 2 spell: Lesser Beckoning
  1013 | D:2      | Reached XP level 3. HP: 24/24 MP: 6/6
  1050 | D:2      | Reached skill level 2 in Stealth
  1094 | D:2      | Identified the +4 dagger "Giantbane" {spect, rPois Str-4
                  | Dex+2}
  1652 | D:3      | Reached XP level 4. HP: 29/29 MP: 7/7
  1826 | D:3      | Reached skill level 3 in Stealth
  2102 | D:3      | Reached XP level 5. HP: 16/35 MP: 8/8
  2107 | D:3      | Learned a level 3 spell: Teleport Other
  2305 | D:4      | Noticed an ogre
  2579 | D:4      | Reached skill level 4 in Stealth
  2579 | D:4      | Reached XP level 6. HP: 36/41 MP: 9/9
  2602 | D:4      | Learned a level 2 spell: Momentum Strike
  2990 | D:5      | Entered Level 5 of the Dungeon
  2999 | D:5      | Noticed a black bear
  3007 | D:5      | Killed a black bear
  3008 | D:5      | Reached skill level 5 in Stealth
  3008 | D:5      | Reached XP level 7. HP: 34/46 MP: 11/11
  3060 | D:5      | Found a glowing drain.
  3070 | Sewer    | Entered a sewer
  3412 | Sewer    | HP: 1/46 [adder (3)]
  3413 | Sewer    | Gained mutation: You are partially covered in iridescent
                  | scales. (AC +2) [potion of mutation]
  3413 | Sewer    | Gained mutation: One of your tentacles bears a spike.
                  | [potion of mutation]
  3413 | Sewer    | Succumbed to an adder's poison

Illustrated notes

Levels and vault maps discovered:
D:1:      lemuel_arrival_lava_pool, layout_basic, serial_shops, shop,
          nicolae_shop_window_shopping, shop, ebering_ecumenical_altar_rust
D:2:      layout_loops_ring, kennysheep_generic_room_5
D:3:      layout_loops_cross, nrook_campfire
D:4:      layout_rooms
D:5:      layout_loops_ring, serial_shops, nicolae_lakefront_shop,
          cheibrodos_sewer_entry_drain, hangedman_decor_opposing, ldierk_geyser
Sewer:    sewer_minmay_w

Skill      XL: |  1  2  3  4  5  6  7 |
---------------+----------------------+-----
Stealth        | 1 2 3 4 5 |  5.7
Throwing       | 2 |  2.9
Dodging        | 3 |  3.5
Unarmed Combat | 3 |  3.4
Fighting       | 3 |  3.3
Spellcasting   | 3 |  3.2
Translocations | 4 |  4.1

Action                     |  1- 3 |  4- 6 |  7- 9 || total
---------------------------+-------+-------+-------++-------
  Melee: Unarmed           |    51 |       |       ||    51
         Constrict         |    15 |    22 |    12 ||    49
         Tentacles         |    13 |    20 |     9 ||    42
         Dagger            |    24 |    76 |    60 ||   160
         Punch             |       |     1 |     2 ||     3
  Throw: Stone             |       |     5 |       ||     5
         Dart              |       |     6 |       ||     6
   Cast: Teleport Other    |       |     3 |       ||     3
         Blink             |       |     1 |     2 ||     3
         Momentum Strike   |       |     1 |       ||     1
    Use: Scroll            |       |     6 |       ||     6
         Potion            |       |       |     1 ||     1
   Stab: Sleeping          |     9 |     8 |     3 ||    20
         Distracted        |       |     2 |       ||     2
 Armour: Skin              |    10 |     3 |     6 ||    19
  Dodge: Dodged            |    42 |    41 |    72 ||   155

Table legend: (Time is in decaauts)
 A = Elapsed time spent in this place.
 B = Non-inter-level travel time spent in this place.
 C = Inter-level travel time spent in this place.
 D = Time resting spent in this place.
 E = Time spent auto-exploring this place.
 F = Levels seen in this place.
 G = Mean time per level.
                   A        B        C        D        E       F      G
               +--------+--------+--------+--------+--------+-----+--------+
         Total |   3403 |   3269 |    134 |     33 |   2491 |   6 |  567.2 |
       Dungeon |   3060 |   2926 |    134 |     33 |   2276 |   5 |  612.0 |
         Sewer |    342 |    342 |      0 |      0 |    215 |   1 |  342.0 |
               +--------+--------+--------+--------+--------+-----+--------+

Top non-repeatable levels by time:
     D:1: 928 daAuts
     D:3: 866 daAuts
     D:2: 617 daAuts
     D:4: 568 daAuts
   Sewer: 342 daAuts
     D:5: 79 daAuts
